 Dungeon Sprint DCSS version 0.28.0-43-g3370ac3207 (webtiles) character file.

Game seed: 11748527167154218666

1259 boopmooplesden the Carver (level 8, 0/132 HPs)
             Began as a Minotaur Berserker on Mar 20, 2022.
             Was an Elder of Trog.
             Slain by a centaur warrior (6 damage)
             ... in the Dungeon (Sprint I: "Red Sonja").
             The game lasted 00:01:27 (606 turns).

boopmooplesden the Carver (Minotaur Berserker)       Turns: 606, Time: 00:01:28

Health: 0/132      AC:  4    Str: 21    XL:     8   Next: 27%
Magic:  7/7        EV: 14    Int:  4    God:    Trog [****..]
Gold:   226        SH:  0    Dex: 13    Spells: 7/7 levels left

rFire   . . .      SeeInvis .   a - +0 falchion
rCold   . . .      Faith    .   (no shield)
rNeg    . . .      Spirit   .   j - +0 leather armour
rPois   .          Reflect  .   (helmet restricted)
rElec   .          Harm     .   (no cloak)
rCorr   .          Rampage  .   (no gloves)
Will    .....      NoTele   +   (no boots)
Stlth   ..........              l - amulet of regeneration
HPRegen 0.32/turn               (no ring)
MPRegen 0.10/turn               (no ring)

@: berserking (expiring), weak-willed, very quick
A: horns 2, retaliatory headbutt
a: Renounce Religion, Berserk, Trog's Hand, Brothers in Arms


You were in the Dungeon.
You worshipped Trog.
Trog was greatly pleased with you.
You visited 1 branch You collected 426 gold pieces.
You spent 200 gold pieces at shops.

Inventory:

Hand Weapons
 a - a +0 falchion (weapon)
Armour
 b - a +0 animal skin
 j - a +0 leather armour (worn)
Jewellery
 l - an amulet of regeneration (around neck)
Wands
 i - a wand of digging (5)
Scrolls
 h - a scroll of blinking
 o - 2 scrolls of identify
Potions
 c - a potion of curing
 d - a potion of heal wounds
 e - a potion of haste
 f - 2 potions of magic
 g - a potion of berserk rage
 k - a potion of might


   Skills:
 + Level 13.7 Fighting
 + Level 14.3 Long Blades
 + Level 7.7 Armour
 + Level 7.0 Dodging


You had 7 spell levels left.
You didn't know any spells.
Your spell library was empty.

Dungeon Overview and Level Annotations

Branches:
Dungeon (1/1)

Altars:
Cheibriados
Dithmenos
Elyvilon
Fedhas
Gozag
Hepliaklqana
Kikubaaqudgha
Makhleb
Nemelex Xobeh
Okawaru
Qazlal
Ru
Sif Muna
Trog
Uskayaw
Vehumet
Wu Jian
Xom
Yredelemnul
Zin
The Shining One
Jiyva
Lugonu

Shops:
D *


Innate Abilities, Weirdness & Mutations

You have a pair of horns on your head.
You reflexively headbutt those who attack you in melee.


Message History

l - an amulet of regeneration (around neck)
m - a scroll labelled EJUOTOCOFF;
n - a scroll labelled ZUAMPUOSSU
o - a scroll labelled UBEXZACWEUMES
o - 2 scrolls labelled UBEXZACWEUMES (gained 1)
o - 3 scrolls labelled UBEXZACWEUMES (gained 1) Thank you for shopping at Wyne's Assorted Antiques!
You can access your shopping list by pressing '$'.
As you read the scroll labelled UBEXZACWEUMES, it crumbles to dust.
It is a scroll of identify.
k - a potion of might
As you read the scroll labelled EJUOTOCOFF, it crumbles to dust.
The scroll dissolves into smoke.
It was a scroll of fog.
As you read the scroll labelled ZUAMPUOSSU, it crumbles to dust.
Magic quickly surges around you.
It was a scroll of vulnerability.
Unknown command.
There is an open door, spattered with blood here.
You see here a yak corpse.
As you open the door, it creaks loudly! 2 centaur warriors come into view.
The centaur warrior shouts!
The centaur warrior wields a +0 longbow.
The centaur warrior shoots an arrow.
The arrow hits you!!
The centaur warrior shouts!
Found 13 gold pieces.
A red film seems to cover your vision as you go berserk!
You feel yourself moving faster!
You feel mighty!
The centaur warrior wields a +0 longbow.
The centaur warrior shoots an arrow.
The arrow hits you!!
You feel a strong urge to attack something.
The centaur warrior shoots an arrow.
The arrow hits you!!
The centaur warrior shoots an arrow.
The arrow hits you!!
* * * LOW HITPOINT WARNING * * *
The centaur warrior unwields a +0 longbow.
The centaur warrior hits you!
* * * LOW HITPOINT WARNING * * *
The centaur warrior kicks you.
* * * LOW HITPOINT WARNING * * *
The centaur warrior unwields a +0 longbow.
The centaur warrior hits you.
You die...

##########################
#<.#..').#..'..#__#..')..#
#..)..#..').#..'..'..#)..#
#..#####'#####'#__####...+
#..####..#...#.####§)#####
#..#§§####..##§#§§§§c#
#..#§§§§_##'#_§@c§≈§.+
#⌠⌠#§§§§§.†...§#c§§.§#
####_§§§§##_.#'##+####
#_§§§_###+#.# ####### ###


You could see 2 centaur warriors.

Vanquished Creatures
  2 kobold demonologists (D)
  A slime creature (D)
  Sigmund (D)
  A yak (D)
  A floating eye (D)
  An ogre (D)
  A jelly (D)
  Ijyb (D)
9 creatures vanquished.

Notes
Turn   | Place    | Note
-------+----------+-------------------------------------------
     0 | D        | boopmooplesden the Minotaur Berserker began the quest for
                  | the Orb.
     0 | D        | Reached XP level 1. HP: 19/19 MP: 0/0
     1 | D        | Noticed Ijyb
     5 | D        | Killed Ijyb
     6 | D        | Reached skill level 5 in Fighting
     6 | D        | Reached skill level 5 in Long Blades
     6 | D        | Reached XP level 2. HP: 29/29 MP: 1/1
    60 | D        | Noticed an ogre
    62 | D        | Killed an ogre
    63 | D        | Reached skill level 7 in Long Blades
    63 | D        | Reached XP level 3. HP: 40/40 MP: 2/2
    63 | D        | Reached XP level 4. HP: 48/48 MP: 3/3
   201 | D        | Noticed Sigmund
   206 | D        | Killed Sigmund
   206 | D        | Reached ** piety under Trog
   207 | D        | Reached skill level 10 in Fighting
   207 | D        | Reached skill level 10 in Long Blades
   207 | D        | Reached skill level 5 in Armour
   207 | D        | Reached XP level 5. HP: 58/58 MP: 4/4
   207 | D        | Reached XP level 6. HP: 66/66 MP: 5/5
   355 | D        | Found a burning altar of Makhleb.
   355 | D        | Found a viscous altar of Jiyva.
   355 | D        | Found a shimmering altar of Xom.
   355 | D        | Found a corrupted altar of Lugonu.
   355 | D        | Noticed a slime creature
   359 | D        | Killed a slime creature
   360 | D        | Reached skill level 11 in Long Blades
   360 | D        | Reached skill level 5 in Dodging
   501 | D        | Noticed a kobold demonologist
   501 | D        | Noticed a floating eye
   502 | D        | Noticed a kobold demonologist
   504 | D        | Killed a floating eye
   505 | D        | Reached XP level 7. HP: 75/75 MP: 6/6
   513 | D        | Killed a kobold demonologist
   513 | D        | Reached *** piety under Trog
   514 | D        | Reached skill level 13 in Long Blades
   520 | D        | Killed a kobold demonologist
   521 | D        | Reached XP level 8. HP: 69/86 MP: 7/7
   531 | D        | Found an ornate altar of the Wu Jian Council.
   531 | D        | Found a shimmering blue altar of Sif Muna.
   533 | D        | Found a radiant altar of Vehumet.
   569 | D        | Found Wyne's Assorted Antiques.
   569 | D        | Found an ancient bone altar of Kikubaaqudgha.
   569 | D        | Found a hazy altar of Hepliaklqana.
   569 | D        | Found a stormy altar of Qazlal.
   569 | D        | Found a hide-covered altar of Uskayaw.
   569 | D        | Found a blossoming altar of Fedhas.
   569 | D        | Found a bloodstained altar of Trog.
   569 | D        | Found an iron altar of Okawaru.
   569 | D        | Found a basalt altar of Yredelemnul.
   569 | D        | Found a glowing golden altar of the Shining One.
   569 | D        | Found a snail-covered altar of Cheibriados.
   569 | D        | Found a sacrificial altar of Ru.
   569 | D        | Found a glowing silver altar of Zin.
   569 | D        | Found a shadowy altar of Dithmenos.
   569 | D        | Found a white marble altar of Elyvilon.
   579 | D        | Reached **** piety under Trog
   580 | D        | Reached skill level 14 in Long Blades
   580 | D        | Found an opulent altar of Gozag.
   581 | D        | Found a sparkling altar of Nemelex Xobeh.
   585 | D        | Bought a triangular lapis lazuli amulet for 100 gold pieces
   590 | D        | Bought a scroll labelled EJUOTOCOFF for 20 gold pieces
   590 | D        | Bought a scroll labelled ZUAMPUOSSU for 20 gold pieces
   590 | D        | Bought a scroll labelled UBEXZACWEUMES for 20 gold pieces
   590 | D        | Bought a scroll labelled UBEXZACWEUMES for 20 gold pieces
   590 | D        | Bought a scroll labelled UBEXZACWEUMES for 20 gold pieces
   601 | D        | Noticed a centaur warrior
   601 | D        | Noticed a centaur warrior
   606 | D        | HP: 6/132 [centaur warrior (2)]
   606 | D        | Slain by a centaur warrior

Illustrated notes

Levels and vault maps discovered:
D:        dungeon_sprint_1 [red_sonja_temple_1, red_sonja_temple_small_1]

Skill      XL: |  1  2  3  4  5  6  7  8 |
---------------+-------------------------+-----
Fighting       | 5 7 10 11 13 | 13.7
Long Blades    | 5 7 10 11 13 14 | 14.3
Armour         | 3 4 5 6 7 |  7.7
Dodging        | 3 4 5 6 7 |  7.0

Action                   |  1- 3 |  4- 6 |  7- 9 || total
-------------------------+-------+-------+-------++-------
Melee: Falchion          |     5 |     7 |    28 ||    40
       Headbutt          |     1 |     4 |     7 ||    12
Invok: Berserk           |     2 |     3 |     1 ||     6
  Use: Scroll            |       |       |     3 ||     3
Armor: Leather armour    |       |       |     2 ||     2
Dodge: Dodged            |     1 |     2 |    11 ||    14
